 Dungeon Crawl Stone Soup version 0.25-a0-356-g7c9d860b3b (webtiles) character file.

Game seed: 8844295794079612866, levelgen mode: deterministic

17868 tilp the Slinger (level 12, 0/84 HPs)
             Began as a Halfling Hunter on Jan 2, 2020.
             Was a High Priest of Okawaru.
             Killed by vampiric draining
             ... invoked by a vampire
              (17 damage)
             ... on level 11 of the Dungeon on Jan 3, 2020.
             The game lasted 00:53:33 (14379 turns).

tilp the Slinger (Halfling Hunter)                 Turns: 14379, Time: 00:53:33

Health: 0/84       AC: 20    Str: 17    XL:     12   Next: 88%
Magic:  16/16      EV: 13    Int:  9    God:    Okawaru [*****.]
Gold:   377        SH:  7    Dex: 19    Spells: 11/11 levels left

rFire    . . .     SeeInvis .   L - +1 falchion (holy)
rCold    . . .     Gourm    .   w - +0 buckler
rNeg     . . .     Faith    .   O - +0 plate armour
rPois    +         Spirit   .   Q - +0 helmet
rElec    .         Reflect  .   N - +0 cloak
rCorr    .         Harm     .   n - +2 pair of gloves {Dex+3}
MR       +....                  o - +2 pair of boots
Stlth    ..........             (no amulet)
HPRegen  0.24/turn              q - ring of poison resistance
MPRegen  0.15/turn              X - ring of protection from magic (curse)

@: no status effects
A: small, mutation resistance 1
a: Heroism, Finesse, Renounce Religion


You were on level 11 of the Dungeon.
You worshipped Okawaru.
Okawaru was extremely pleased with you.
You were hungry.

You visited 2 branches of the dungeon, and saw 12 of its levels.

You collected 503 gold pieces.
You spent 126 gold pieces at shops.

Inventory:

Hand Weapons
 a - a +2 hunting sling
 b - a +2 dagger of venom
 t - a +1 dagger of speed
 L - a +1 falchion of holy wrath (weapon)
 P - a +4 falchion of flaming
 T - the +7 hand axe "Jellybane" {freeze, *Slow rPois rF++ Int+4, unknown}
   (You found it on level 9 of the Dungeon)

   It has been specially enchanted to freeze those struck by it, causing extra
   injury to most foes and up to half again as much damage against particularly
   susceptible opponents.
   It can also slow down cold-blooded creatures.
   It affects your intelligence (+4).
   It greatly protects you from fire.
   It protects you from poison.
   It may slow you when you take damage.
Missiles
 d - 4 curare-tipped darts
 e - 243 stones (quivered)
 j - 8 poisoned darts
 y - 8 boomerangs
 F - 8 atropa-tipped darts
 S - 43 sling bullets
Armour
 c - a +0 leather armour
 n - a +2 pair of gloves of dexterity (worn)
 o - a +2 pair of boots (worn)
 w - a +0 buckler (worn)
 N - a +0 cloak (worn)
 O - a +0 plate armour (worn)
 Q - a +0 helmet (worn)
 W - a +2 shield
Magical Staves
 E - an uncursed staff of summoning {unknown}
 R - an uncursed staff of air {unknown}
Jewellery
 q - a ring of poison resistance (left hand)
 X - a cursed ring of protection from magic (right hand)
Wands
 r - a wand of paralysis (8)
 B - a wand of polymorph (5)
Scrolls
 h - 2 scrolls of enchant weapon
 i - 6 scrolls of teleportation
 k - 7 scrolls of remove curse
 v - 3 scrolls of immolation
 z - a scroll of magic mapping
 A - a scroll of fear {unknown}
 I - a scroll of blinking {unknown}
Potions
 g - 4 potions of curing
 l - 2 potions of agility
 m - a potion of berserk rage
 p - 2 potions of mutation
 s - a potion of magic {unknown}
 u - 3 potions of haste {unknown}
 x - a potion of brilliance {unknown}
 C - a potion of resistance {unknown}
 D - 3 potions of lignification {unknown}
 G - a potion of might {unknown}
 H - 2 potions of heal wounds {unknown}
 J - 2 potions of degeneration {unknown}
 K - a potion of cancellation {unknown}
 M - 2 potions of flight {unknown}
Miscellaneous
 U - a sack of spiders
 V - a box of beasts
Comestibles
 f - 28 rations


   Skills:
 + Level 8.7 Fighting
 - Level 10.2 Short Blades
 - Level 12.3 Slings
 - Level 4.0 Armour
 - Level 10.0 Dodging
 - Level 4.0 Stealth
 - Level 4.4 Shields
 - Level 6.0 Invocations
 - Level 6.0 Evocations


You had 11 spell levels left.
You didn't know any spells.
Your spell library contained the following spells:

 Spells                   Type           Power        Failure   Level  Hunger
 Animate Skeleton         Necr           N/A          100%        1    ##.....
 Magic Dart               Conj           #...         100%        1    ##.....
 Pain                     Necr           #...         100%        1    ##.....
 Blink                    Tloc           N/A          100%        2    ###....
 Call Imp                 Summ           #.......     100%        2    ###....
 Ensorcelled Hibernation  Hex/Ice        #.....       100%        2    ###....
 Slow                     Hex            #.......     100%        2    ###....
 Conjure Flame            Conj/Fire      #.......     100%        3    ####...
 Mephitic Cloud           Conj/Pois/Air  #.......     100%        3    ####...
 Portal Projectile        Hex/Tloc       #.....       100%        3    ####...
 Regeneration             Chrm/Necr      #.........   100%        3    ####...
 Vampiric Draining        Necr           #.........   100%        3    ####...
 Animate Dead             Necr           N/A          100%        4    #####..
 Cause Fear               Hex            #.........   100%        4    #####..
 Summon Ice Beast         Ice/Summ       #.......     100%        4    #####..
 Silence                  Hex/Air        #.........   100%        5    ######.
 Summon Mana Viper        Hex/Summ       #.......     100%        5    ######.
 Yara's Violent Unravell  Hex/Tmut       #.........   100%        5    ######.
 Deflect Missiles         Chrm/Air       #.........   100%        6    #######
 Discord                  Hex            #.........   100%        8    #######


Dungeon Overview and Level Annotations

Branches:
Dungeon (11/15)            Temple (1/1) D:7            Lair (0/6) D:11
    Orc (0/2) D:11

Altars:
Ashenzari
Cheibriados
Dithmenos
Elyvilon
Fedhas
Gozag
Hepliaklqana
Kikubaaqudgha
Makhleb
Nemelex Xobeh
Okawaru
Qazlal
Ru
Sif Muna
Trog
Uskayaw
Vehumet
Wu Jian
Xom
Yredelemnul
Zin
The Shining One

Shops:
D:4 *   D:6 %   D:9 *

Annotations:
D:2 1 runed translucent door, Crazy Yiuf
D:7 2 transporters, Calas's ghost, novice DEAE
D:10 dig vault


Innate Abilities, Weirdness & Mutations

You are small and have problems with some larger weapons.
You are somewhat resistant to further mutation.


Message History

The vampire hits you.
* * * LOW HITPOINT WARNING * * *
The vampire closely misses you.
You hit the vampire.
The vampire convulses.
The vampire is severely damaged.
You block the vampire's attack. The vampire barely misses you.
You hit the vampire.
The vampire convulses.
The vampire is almost destroyed.
The vampire is infused with unholy energy.
* * * LOW HITPOINT WARNING * * *
The vampire draws life force from you and is healed!
You hit the vampire but do no damage.
The vampire is severely damaged.
The vampire misses you.
You riposte.
You hit the vampire but do no damage.
The vampire is severely damaged.
The vampire barely misses you.
You hit the vampire.
The vampire convulses.
The vampire is almost destroyed.
The vampire is infused with unholy energy.
You die...

#####......#....# ..(.........
....########....# #............
...........#....# #............
...........'...######............
...........#...##...#............
...........#........#............
...........#....)...#............
...........#...##...#............
..........######@...#.....†....(.
..[.......# #V####............
..^.......# #.................
..........# #.................
.........## #.................
.........# #.................
.........# #.....#'##########
########## #.....#........... #
#.....#...........


You could see a vampire.

Vanquished Creatures
  2 hydras
  3 death yaks
  2 two-headed ogres
  An orange crystal statue (D:11)
  Psyche (D:8)
  A troll (D:10)
  2 dream sheep (D:8)
  3 hippogriffs (D:10)
  A blink frog (D:4)
  4 slime creatures (D:11)
  A meliai zombie (D:11)
  2 wyverns
  A wraith (D:11)
  18 yaks
  A human (D:10)
  2 hungry ghosts
  Edmund (D:4)
  9 orc warriors
  5 phantoms
  4 slaves (D:4)
  5 sky beasts
  4 ice beasts
  2 black bears
  5 centaurs
  4 ogres
  4 big kobolds
  4 bullfrogs
  3 scorpions
  A water moccasin skeleton (D:6)
  11 wights
  A howler monkey (D:6)
  8 crimson imps
  5 jellies
  3 bullfrog skeletons
  8 orc priests
  3 centaur skeletons
  10 hounds
  7 orc wizards
  10 worker ants
  3 iguanas
  3 hound skeletons
  14 adders
  14 gnolls
  A howler monkey skeleton (D:9)
  3 shadow imps
  An ooze (D:1)
  3 adder zombies
  5 worms
  3 dart slugs
  7 leopard geckos
  49 orcs
  A ball python (D:6)
  7 bats
  7 giant cockroaches
  5 hobgoblins
  15 jackals
  18 kobolds
  7 quokkas
  6 frilled lizards
  5 goblins
  A quokka skeleton (D:8)
  11 rats
351 creatures vanquished.

Vanquished Creatures (collateral kills)
  An orc warrior (D:10)
  2 ogres (D:10)
  A bullfrog (D:10)
  A crimson imp (D:10)
  A hound (D:10)
  A worker ant (D:10)
  An adder (D:10)
  An orc (D:10)
9 creatures vanquished.

Grand Total: 360 creatures vanquished

Notes
Turn   | Place    | Note
-------+----------+-------------------------------------------
     0 | D:1      | tilp the Halfling Hunter began the quest for the Orb.
     0 | D:1      | Reached XP level 1. HP: 14/14 MP: 1/1
    54 | D:1      | Reached skill level 6 in Slings
   247 | D:1      | Reached XP level 2. HP: 19/19 MP: 2/2
   441 | D:1      | Reached skill level 7 in Slings
   441 | D:1      | Reached XP level 3. HP: 24/24 MP: 3/3
  1240 | D:1      | Reached XP level 4. HP: 27/29 MP: 4/4
  1289 | D:2      | Reached skill level 8 in Slings
  1487 | D:2      | Reached XP level 5. HP: 26/34 MP: 5/5
  1740 | D:2      | Reached skill level 9 in Slings
  1861 | D:2      | Found a burning altar of Makhleb.
  1921 | D:2      | Found a runed translucent door.
  1922 | D:2      | Noticed Crazy Yiuf
  1964 | D:2      | Found a burning altar of Makhleb.
  1964 | D:2      | Found a hide-covered altar of Uskayaw.
  1971 | D:2      | Found an ancient bone altar of Kikubaaqudgha.
  1971 | D:2      | Found a shattered altar of Ashenzari.
  1971 | D:2      | Found a radiant altar of Vehumet.
  1971 | D:2      | Found a white marble altar of Elyvilon.
  1974 | D:2      | Found a blossoming altar of Fedhas.
  1975 | D:2      | Found a basalt altar of Yredelemnul.
  1976 | D:2      | Found a shimmering blue altar of Sif Muna.
  2270 | D:3      | Reached XP level 6. HP: 39/39 MP: 6/6
  2471 | D:3      | Reached skill level 10 in Slings
  2600 | D:2      | Found a radiant altar of Vehumet.
  2775 | D:4      | Found Qutoyst's General Store.
  2788 | D:4      | Bought a scroll of identify for 24 gold pieces
  2788 | D:4      | Bought a +0 buckler for 54 gold pieces
  2788 | D:4      | Bought a cursed amulet of inaccuracy for 24 gold pieces
  2788 | D:4      | Bought a scroll of identify for 24 gold pieces
  2907 | D:4      | Noticed a black bear
  2913 | D:4      | Killed a black bear
  2913 | D:4      | Reached skill level 11 in Slings
  2932 | D:4      | Noticed a slave
  2932 | D:4      | Noticed a slave
  2932 | D:4      | Noticed a slave
  2932 | D:4      | Noticed a slave
  2946 | D:4      | Killed a slave
  2965 | D:4      | Killed a slave
  2967 | D:4      | Killed a slave
  3071 | D:4      | Noticed Pikel
  3080 | D:4      | Paralysed by Pikel for 3 turns
  3112 | D:3      | Reached XP level 7. HP: 24/44 MP: 7/7
  3898 | D:4      | Noticed Edmund
  4089 | D:5      | Entered Level 5 of the Dungeon
  4340 | D:5      | Reached skill level 12 in Slings
  4488 | D:5      | Noticed a yak
  4488 | D:5      | Noticed a yak
  4488 | D:5      | Noticed a yak
  4489 | D:5      | Noticed a yak
  4541 | D:5      | Killed a yak
  4541 | D:5      | Reached XP level 8. HP: 49/49 MP: 8/8
  4565 | D:5      | Killed a yak
  4643 | D:5      | Noticed a yak
  4669 | D:5      | Killed a yak
  4687 | D:5      | Noticed a yak
  4711 | D:5      | Killed a yak
  4756 | D:5      | Killed a yak
  4756 | D:5      | Reached XP level 9. HP: 40/56 MP: 9/9
  5409 | D:5      | Reached skill level 5 in Dodging
  5848 | D:6      | Reached skill level 1 in Evocations
  5944 | D:6      | Found Yhonk's Food Boutique.
  6659 | D:6      | Reached skill level 1 in Short Blades
  6861 | D:7      | Found a transporter.
  6875 | D:7      | Noticed Calas's ghost (novice DEAE)
  6876 | D:7      | Noticed a seven-headed hydra
  6876 | D:7      | Noticed a moth of wrath
  7002 | D:6      | Reached XP level 10. HP: 48/63 MP: 13/13
  7278 | D:7      | Found a transporter.
  7304 | D:7      | Reached skill level 5 in Short Blades
  7792 | D:7      | Reached skill level 5 in Fighting
  8010 | D:7      | Found a staircase to the Ecumenical Temple.
  8025 | Temple   | Entered the Ecumenical Temple
  8103 | Temple   | Became a worshipper of Warmaster Okawaru
  8366 | D:8      | Noticed a two-headed ogre
  8730 | D:8      | Killed a two-headed ogre
  8730 | D:8      | Reached * piety under Okawaru
  8753 | D:8      | Upgraded the game from 0.25-a0-353-ged6d54792d to
                  | 0.25-a0-356-g7c9d860b3b
  9234 | D:8      | Noticed Psyche
  9247 | D:8      | Killed Psyche
  9365 | D:8      | Reached ** piety under Okawaru
  9410 | D:8      | Reached XP level 11. HP: 67/72 MP: 14/14
  9551 | D:8      | Noticed a two-headed hydra
  9560 | D:8      | Killed a one-headed hydra
  9560 | D:8      | Reached skill level 10 in Short Blades
  9835 | D:4      | Killed Edmund
  9835 | D:4      | Reached skill level 1 in Invocations
  9966 | D:4      | Noticed Pikel
  9966 | D:4      | Pikel changed into Pikel the blink frog
  9971 | D:4      | Killed Pikel the blink frog
 10078 | D:9      | Reached *** piety under Okawaru
 10241 | D:9      | Found an iron altar of Okawaru.
 10438 | D:9      | Received a gift from Okawaru
 10545 | D:9      | Found Jaotz's General Store.
 10910 | D:9      | Reached skill level 5 in Evocations
 10970 | D:9      | HP: 2/72 [centaur/arrow (11)]
 11288 | D:9      | Reached skill level 5 in Invocations
 11453 | D:9      | Got an encrusted hand axe
 11627 | D:10     | Entered Level 10 of the Dungeon
 11865 | D:10     | Reached **** piety under Okawaru
 12049 | D:10     | Reached skill level 1 in Armour
 12227 | D:10     | Reached XP level 12. HP: 65/79 MP: 16/16
 12239 | D:10     | Received a gift from Okawaru
 12694 | D:11     | Noticed a two-headed ogre
 12708 | D:11     | Killed a two-headed ogre
 12999 | D:11     | Noticed an eight-headed hydra
 13012 | D:11     | Killed a six-headed hydra
 13019 | D:11     | Found a staircase to the Lair.
 13028 | D:11     | Noticed a death yak
 13072 | D:11     | Noticed a death yak
 13081 | D:11     | Reached ***** piety under Okawaru
 13096 | D:11     | Noticed a death yak
 13123 | D:10     | Killed a death yak
 13123 | D:10     | Received a gift from Okawaru
 13220 | D:11     | Killed a death yak
 13250 | D:11     | Killed a death yak
 13440 | D:11     | Received a gift from Okawaru
 13634 | D:11     | Identified Jeosch's Reference Book on Calling and
                  | Execration
 13900 | D:11     | Reached skill level 10 in Dodging
 14299 | D:11     | Found a staircase to the Orcish Mines.
 14379 | D:11     | Killed from afar by a vampire

Levels and vault maps discovered:
D:1:      minmay_arrival_doors, layout_rooms, serial_corexii_hall,
          chequers_hall_statues_wall_a, corexii_hall_statues_s,
          hangedman_abyss_or_decor_stabs, kennysheep_another_room
D:2:      lemuel_upstairs_altar, layout_rooms, minitemple, first_ration,
          makhleb_heckhound_becter, uniq_crazy_yiuf_cottage
D:3:      layout_basic
D:4:      layout_basic, serial_shops,
          nicolae_shop_temple_entry_statues_fountains, uniq_edmund, uniq_pikel
D:5:      layout_basic
D:6:      layout_cave_pools, serial_co_window_serial, co_window_paths_b,
          co_window_corner_a, co_window_paths_a, co_window_paths_a,
          co_window_paths_b, co_window_broadway_a, co_window_broadway_b,
          co_window_of_opportunity_c, co_window_broadway_a, co_window_corner_b,
          co_window_2corner, co_window_4corner_a, glass_columns_a,
          glass_columns_a, glass_columns_a, serial_shops, shop
D:7:      layout_loops_ring, minmay_temple_entry_overgrown,
          gammafunk_ghost_berserking_beasts
D:8:      layout_cave_pools, hangedman_ranch [blue_anna_fruit_fields],
          uniq_psyche
D:9:      layout_basic, serial_shops, shop, okawaru_metal_pillars_1_2
D:10:     layout_rooms, serial_glass, glass_columns_b, glass_columns_b,
          glass_columns_c, glass_columns_a, glass_columns_b, glass_columns_c,
          feat_on_display, minmay_strange_pillars, item_on_display_a,
          due_unseen_surprise
D:11:     layout_gridville, dpeg_lair_monsters, david_orc_3, serial_shops, shop,
          minivault_16
Temple:   nicolae_temple_god_jail

Skill      XL: |  1  2  3  4  5  6  7  8  9 10 11 12 |
---------------+-------------------------------------+-----
Slings         | 6 7 8 9 11 12 | 12.3
Shields        | 3 4 |  4.4
Fighting       | 3 4 6 8 |  8.7
Stealth        | 3 4 |  4.0
Dodging        | 3 6 8 10 | 10.0
Evocations     | 4 6 |  6.0
Short Blades   | 4 8 10 | 10.2
Invocations    | 6 |  6.0
Armour         | 2 4 |  4.0

Action                   |  1- 3 |  4- 6 |  7- 9 | 10-12 || total
-------------------------+-------+-------+-------+-------++-------
Melee: Short sword       |    65 |    75 |    87 |       ||   227
       Hunting sling     |       |       |     1 |     1 ||     2
       Dagger            |       |       |       |   575 ||   575
       Falchion          |       |       |       |   223 ||   223
       Unarmed           |       |       |       |     4 ||     4
 Fire: Hunting sling     |    51 |   169 |   295 |   650 ||  1165
Throw: Stone             |       |     1 |     3 |    54 ||    58
       Dart              |       |       |    18 |    12 ||    30
Invok: Heroism           |       |       |       |     6 ||     6
Evoke: Wand              |       |       |       |     4 ||     4
       Sack of spiders   |       |       |       |     1 ||     1
  Use: Scroll            |       |     4 |     7 |     3 ||    14
       Potion            |       |       |       |     2 ||     2
 Stab: Sleeping          |       |       |     1 |     1 ||     2
       Invisible         |       |       |       |     1 ||     1
  Eat: Chunk             |     1 |     6 |    11 |    27 ||    45
Armor: Leather armour    |    10 |    30 |    37 |    30 ||   107
       Plate armour      |       |       |       |   273 ||   273
Dodge: Dodged            |    61 |   110 |   117 |   358 ||   646
Block: Buckler           |       |       |    44 |   241 ||   285
       Rpst.: Falchion   |       |       |       |    21 ||    21

Table legend:
 A = Non-vault XP
 B = Vault XP
 C = Vault XP percentage of total XP
 D = Non-vault monster count
 E = Vault monster count
 F = Vault count percentage of total count
                 A         B        C        D         E       F
            +---------+---------+-------+---------+---------+-------
      Total |   17938 |    7588 |  29.7 |     330 |      26 |   7.3
            +---------+---------+-------+---------+---------+-------
        D:1 |      82 |       0 |   0.0 |      38 |       0 |   0.0
        D:2 |      97 |      40 |  29.2 |      25 |       1 |   3.8
        D:3 |     153 |       0 |   0.0 |      24 |       0 |   0.0
        D:4 |     316 |     412 |  56.6 |      12 |       2 |  14.3
        D:5 |    2051 |       0 |   0.0 |      30 |       0 |   0.0
        D:6 |    1148 |       0 |   0.0 |      31 |       0 |   0.0
        D:7 |    1381 |       0 |   0.0 |      34 |       0 |   0.0
        D:8 |    1963 |    2600 |  57.0 |      33 |       9 |  21.4
        D:9 |    3291 |       0 |   0.0 |      40 |       0 |   0.0
       D:10 |    2980 |     900 |  23.2 |      36 |       1 |   2.7
       D:11 |    4476 |    3636 |  44.8 |      27 |      13 |  32.5
            +---------+---------+-------+---------+---------+-------
